 Dungeon Sprint DCSS version 0.28.0-43-g3370ac3207 (webtiles) character file.

Game seed: 13578799421329097122

35443 boopmooplesden the Executioner (level 13, -11/138 HPs)
             Began as a Minotaur Berserker on Mar 10, 2022.
             Was the Champion of Trog.
             Shot with an arrow by a deep elf master archer (32 damage)
             ... in the Dungeon (Sprint II: "The Violet Keep of Menkaure").
             The game lasted 00:15:44 (2913 turns).

boopmooplesden the Executioner (Minotaur Berserker) Turns: 2913, Time: 00:15:46

Health: -11/138    AC: 21    Str: 22 (23) XL:     13   Next: 47%
Magic:  2/2        EV: 15    Int:  6      God:    Trog [******]
Gold:   3070       SH:  0    Dex: 18      Spells: 12/12 levels left

rFire   + . .      SeeInvis +   l - +10 battleaxe of the Crawling Thing {antimagic, rElec rC++ Will+ Stlth+}
rCold   + + .      Faith    .   (shield currently unavailable)
rNeg    . . .      Spirit   .   k - +1 chain mail {rPois}
rPois   +          Reflect  .   z - +2 hat
rElec   +          Harm     .   (no cloak)
rCorr   .          Rampage  .   E - +0 pair of gloves {Stlth+}
Will    +....      Rage     9%  y - +0 pair of boots of Hedging {Regen+ Int+4 Stlth+}
Stlth   ++........ NoTele   +   (no amulet)
HPRegen 1.13/turn               n - +6 ring of dexterity
MPRegen 0.08/turn               C - ring of Qoakisec {rF+ SInv}

@: on berserk cooldown, flying, slowed, very slow
A: horns 2, retaliatory headbutt, berserk 3, deterioration 1, dopey 1, frail 1,
low MP 3, weak 1
a: Renounce Religion, Berserk, Trog's Hand, Brothers in Arms


You were in the Dungeon.
You worshipped Trog.
Trog was exalted by your worship.
You visited 1 branch You collected 3847 gold pieces.
You spent 777 gold pieces at shops.

Inventory:

Hand Weapons
 a - a +0 hand axe
 e - a +3 battleaxe of flaming
 i - a +5 broad axe of freezing
 l - the +10 battleaxe of the Crawling Thing (weapon) {antimagic, rElec rC++ Will+ Stlth+}
   (Trog gifted it to you in the Dungeon)

   It reduces the magical energy of the wielder, and disrupts the spells and
   magical abilities of those it strikes.
   Natural abilities and divine invocations are not affected.
   rC:        It greatly protects you from cold.
   rElec:     It insulates you from electricity.
   Will:      It increases your willpower.
   Stlth:     It makes you more stealthy.
 p - a +5 antimagic quick blade
 q - a +2 vorpal executioner's axe
 B - the +7 battleaxe "Mies" {vorpal, Drain +Blink Str+2}
   (You acquired it in the Dungeon)

   It inflicts extra damage upon your enemies.
   Str:       It affects your strength (+2).
   +Blink:    It lets you blink.
   Drain:     It drains your maximum health when unequipped.
 F - the +7 Singing Sword {vorpal, sonic wave}
   (You found it in the Dungeon)

   It inflicts extra damage upon your enemies.
   It radiates damaging sonic waves as it strikes, especially in combat
   involving dangerous or numerous foes.
Armour
 b - a +0 animal skin
 j - a +1 pair of boots of rampaging
 k - a +1 chain mail of poison resistance (worn)
 r - a +1 hat
 w - a +0 plate armour
 y - the +0 pair of boots of Hedging (worn) {Regen+ Int+4 Stlth+}
   (You bought it in a shop in the Dungeon)

   Int:       It affects your intelligence (+4).
   Regen:     It increases your rate of health regeneration.
   Stlth:     It makes you more stealthy.
 z - a +2 hat (worn)
 E - a +0 pair of gloves of stealth (worn)
Jewellery
 n - a +6 ring of dexterity (left hand)
 u - a ring of fire
 A - a ring of positive energy
 C - the ring of Qoakisec (right hand) {rF+ SInv}
   (You found it in the Dungeon)

   [ring of see invisible]

   rF:        It protects you from fire.
   SInv:      It lets you see invisible.
 D - a ring of magical power
Wands
 d - a wand of flame (8)
Scrolls
 h - 3 scrolls of blinking
 m - 5 scrolls of identify
 x - 2 scrolls of enchant weapon
Potions
 c - 3 potions of curing
 f - 14 potions of magic
 g - 2 potions of berserk rage
 o - 7 potions of flight
 s - a potion of resistance
 t - 2 potions of lignification {unknown}
 v - 4 potions of mutation


   Skills:
 + Level 25.2 Fighting
 + Level 26.6 Axes
 + Level 18.4 Armour
 + Level 12.0 Dodging
 + Level 2.6 Stealth


You had 12 spell levels left.
You didn't know any spells.
Your spell library was empty.

Dungeon Overview and Level Annotations

Branches:
Dungeon (1/1)

Altars:
Cheibriados
Dithmenos
Elyvilon
Fedhas
Gozag
Hepliaklqana
Kikubaaqudgha
Makhleb
Nemelex Xobeh
Okawaru
Qazlal
Ru
Sif Muna
Trog
Uskayaw
Vehumet
Wu Jian
Xom
Yredelemnul
Zin
The Shining One
Beogh
Jiyva
Lugonu

Shops:
D **[[:[(:[=!([[[([:!:(!==?:=::

Annotations:
D exclusions: oklob plant and orange crystal statue, Lernaean hydra


Innate Abilities, Weirdness & Mutations

You have a pair of horns on your head.
You reflexively headbutt those who attack you in melee.
You have an uncontrollable temper.
Your body sometimes deteriorates upon taking damage.
You are dopey. (Int -2)
You are frail. (-10% HP)
Your magical capacity is extremely low. (-30% MP)
You are weak. (Str -2)


Message History

Unknown command.
You feel your anger nearly subside.
There is an open door here.
You are too berserk!
Unknown command.
You are no longer berserk.
You are exhausted.
You feel yourself slow down.
You start resting.
HP restored.
You feel very buoyant.
You fly up into the air.
The deep elf master archer shoots an arrow.
The arrow barely misses you.
The deep elf master archer shoots an arrow.
The arrow completely misses you.
The deep elf master archer shoots an arrow.
The arrow hits you!!
The deep elf master archer shoots an arrow.
The arrow hits you.
The deep elf master archer shoots an arrow.
The arrow hits you!
The deep elf master archer shoots an arrow.
The arrow hits you!!
You closely miss the deep elf master archer.
Your headbutt misses the deep elf master archer.
The deep elf master archer shoots an arrow.
The arrow hits you!!
Your body deteriorates!
You feel weakened.
The deep elf master archer shoots an arrow.
The arrow hits you!!
* * * LOW HITPOINT WARNING * * *
You hit the deep elf master archer.
Your headbutt misses the deep elf master archer.
The deep elf master archer is lightly wounded.
The deep elf master archer shoots an arrow.
The arrow closely misses you.
The deep elf master archer shoots an arrow.
The arrow hits you!!
You die...

###*********** *,,,,* ***********
[.#∩,∩∩∩+,+,,***,,,,***,,,,,+,,,+
..####***,****,,,,,,,,*,,,,,*,,,*
'##..####+####,,,,,,,,*,,,,,*,▓▓▓
..÷.##.○○°...##⌠,,,,*+***,,,*,..▓
..###.°°.°°...##,,,,*,,*▓▓+▓▓▓▓.▓
#..+....○≈°°...##++##,,,+.○.▓0..▓
.####.○°......##≈...###,#...▓▓▓▓▓
...≈##°°°°..°##e@..^..###.°.▓≈≈≈≈
###≈≈#'°°#+++#####....#.##○)▓▓▓▓▓
##≈≈≈°°°......#.†'....#†.#°:▓...)
.#≈≈≈°°##)##○°#.†####.#..#:}▓(..:
.#≈≈≈≈##.#.##○####).'.##.#"}▓.)[.
.#≈≈≈≈#..#..#,...#..#...####▓[...
.#≈≈####.#.####..#####..##.#▓....
∩#≈##.###'###.##..#..'.†#.)#▓).))
.#≈##..##.##...#..#..#.†#..#▓.:..


You could see a deep elf master archer.

Vanquished Creatures
  A hellephant (D)
  2 sphinxes (D)
  A deep elf blademaster (D)
  Gastronok (D)
  Kirke (D)
  A kraken (D)
  A draconian shifter (D)
  A dire elephant (D)
  A crystal guardian (D)
  A yaktaur captain (D)
  A great orb of eyes (D)
  2 boulder beetles (D)
  A centaur warrior (D)
  An iron elemental (D)
  Sonja (D)
  A skeletal warrior (D)
  3 sixfirhies (D)
  2 death drakes (D)
  A glowing orange brain (D)
  2 deep trolls (D)
  An obsidian statue (D)
  12 shining eyes (D)
  A harpy (D)
  3 orc sorcerers (D)
  An elephant (D)
  An ice statue (D)
  An eye of devastation (D)
  2 unseen horrors (D)
  A kobold demonologist (D)
  A yaktaur (D)
  5 polar bears (D)
  A hornet (D)
  A blink frog (D)
  3 slime creatures (D)
  18 flying skulls (D)
  4 neqoxecs (D)
  Menkaure (D)
  6 water moccasins (D)
  10 floating eyes (D)
  2 swamp drakes (D)
  3 black bears (D)
  5 necrophages (D)
  4 scorpions (D)
  4 lava snakes (D)
  A jelly (D)
  An iron imp (D)
  A spectral adder (D)
  A spectral quokka (D)
121 creatures vanquished.

Vanquished Creatures (others)
  A water moccasin (D)
  16 tentacles (D)
17 creatures vanquished.

Grand Total: 138 creatures vanquished

Notes
Turn   | Place    | Note
-------+----------+-------------------------------------------
     0 | D        | boopmooplesden the Minotaur Berserker began the quest for
                  | the Orb.
     0 | D        | Reached XP level 1. HP: 19/19 MP: 0/0
     1 | D        | Noticed a boulder beetle
     1 | D        | Noticed a boulder beetle
     4 | D        | Noticed a necrophage
     4 | D        | Noticed a necrophage
     4 | D        | Noticed a necrophage
     4 | D        | Noticed a necrophage
    12 | D        | Killed a necrophage
    13 | D        | Reached skill level 7 in Axes
    13 | D        | Reached XP level 2. HP: 34/34 MP: 1/1
    13 | D        | Reached XP level 3. HP: 39/39 MP: 2/2
    13 | D        | Reached XP level 4. HP: 47/47 MP: 3/3
    17 | D        | Killed a necrophage
    18 | D        | Reached skill level 9 in Axes
    18 | D        | Reached XP level 5. HP: 56/56 MP: 4/4
    21 | D        | Killed a necrophage
    21 | D        | Reached ** piety under Trog
    22 | D        | Reached skill level 10 in Axes
    22 | D        | Reached skill level 5 in Armour
    27 | D        | Killed a necrophage
    28 | D        | Reached skill level 10 in Fighting
    28 | D        | Reached skill level 11 in Axes
    28 | D        | Reached skill level 5 in Dodging
    28 | D        | Reached XP level 6. HP: 50/67 MP: 5/5
    55 | D        | Noticed a neqoxec
    55 | D        | Noticed a neqoxec
    55 | D        | Noticed a neqoxec
    55 | D        | Noticed a neqoxec
    57 | D        | Gained mutation: You tend to lose your temper in combat. [a
                  | neqoxec]
    60 | D        | Killed a neqoxec
    63 | D        | Killed a neqoxec
    64 | D        | Reached skill level 12 in Axes
    64 | D        | Reached XP level 7. HP: 75/75 MP: 6/6
    70 | D        | Killed a neqoxec
    70 | D        | Reached *** piety under Trog
    70 | D        | Killed a neqoxec
    71 | D        | Reached skill level 13 in Axes
   198 | D        | Reached **** piety under Trog
   200 | D        | Reached skill level 14 in Axes
   200 | D        | Reached XP level 8. HP: 86/86 MP: 7/7
   208 | D        | Found Demepeli's Magic Scroll Shoppe.
   208 | D        | Found Goben's Book Shoppe.
   208 | D        | Found Udaab's Jewellery Emporium.
   208 | D        | Found Pips's Jewellery Emporium.
   208 | D        | Found Gutsisuroi's Distillery.
   208 | D        | Found Loner's Distillery.
   209 | D        | Found Duhohong's Antique Weapon Shoppe.
   209 | D        | Found Fyen's Antique Armour Emporium.
   210 | D        | Found Zaokk's Antique Weapon Emporium.
   211 | D        | Found Xeeh's Jewellery Emporium.
   211 | D        | Noticed Menkaure
   219 | D        | Killed Menkaure
   226 | D        | Noticed a blink frog
   235 | D        | Killed a blink frog
   291 | D        | Found Oretaos's Antique Armour Shoppe.
   291 | D        | Found Baan Yja's Book Emporium.
   291 | D        | Noticed an oklob plant
   292 | D        | Found Xaetaupox's Armour Shoppe.
   292 | D        | Found Qemikej's Antique Armour Emporium.
   292 | D        | Found Kinoyvvo's Book Shoppe.
   296 | D        | Noticed a fire dragon
   298 | D        | Bought a runed broad axe for 175 gold pieces
   414 | D        | Bought a pair of embroidered boots for 165 gold pieces
   414 | D        | Bought a runed chain mail for 165 gold pieces
   459 | D        | Found an iron altar of Okawaru.
   459 | D        | Found a radiant altar of Vehumet.
   460 | D        | Found a sparkling altar of Nemelex Xobeh.
   460 | D        | Found a hide-covered altar of Uskayaw.
   460 | D        | Found a glowing silver altar of Zin.
   461 | D        | Found an opulent altar of Gozag.
   461 | D        | Found a burning altar of Makhleb.
   461 | D        | Found a bloodstained altar of Trog.
   461 | D        | Found a basalt altar of Yredelemnul.
   462 | D        | Found a blossoming altar of Fedhas.
   462 | D        | Found a corrupted altar of Lugonu.
   462 | D        | Found a shimmering blue altar of Sif Muna.
   463 | D        | Found a white marble altar of Elyvilon.
   463 | D        | Found an ancient bone altar of Kikubaaqudgha.
   464 | D        | Found a shadowy altar of Dithmenos.
   464 | D        | Found a viscous altar of Jiyva.
   465 | D        | Found a snail-covered altar of Cheibriados.
   467 | D        | Noticed a yaktaur
   467 | D        | Noticed a hornet
   467 | D        | Noticed a polar bear
   467 | D        | Noticed a polar bear
   472 | D        | Killed a polar bear
   473 | D        | Reached skill level 15 in Axes
   473 | D        | Noticed a polar bear
   477 | D        | Killed a polar bear
   477 | D        | Reached ***** piety under Trog
   479 | D        | Killed a hornet
   479 | D        | Killed a polar bear
   480 | D        | Reached skill level 15 in Fighting
   480 | D        | Reached skill level 16 in Axes
   480 | D        | Reached XP level 9. HP: 97/97 MP: 8/8
   483 | D        | Killed a yaktaur
   526 | D        | Noticed a kraken
   540 | D        | Reached skill level 17 in Axes
   561 | D        | Found the +8 demon blade "Leech" {vamp, Harm Drain rN+}
   835 | D        | Found a hazy altar of Hepliaklqana.
   835 | D        | Found a sacrificial altar of Ru.
   835 | D        | Found a shimmering altar of Xom.
   836 | D        | Found a stormy altar of Qazlal.
   836 | D        | Found an ornate altar of the Wu Jian Council.
   844 | D        | Noticed a deep troll
   844 | D        | Noticed a deep troll
   847 | D        | Killed a deep troll
   852 | D        | Killed a deep troll
   853 | D        | Reached skill level 18 in Axes
   906 | D        | Noticed a sphinx
   906 | D        | Noticed a sphinx
   915 | D        | Killed a sphinx
   915 | D        | Reached ****** piety under Trog
   916 | D        | Reached skill level 19 in Axes
   916 | D        | Reached skill level 10 in Armour
   916 | D        | Reached XP level 10. HP: 34/111 MP: 9/9
   917 | D        | Killed a sphinx
   918 | D        | Reached skill level 10 in Dodging
   949 | D        | Found a glowing golden altar of the Shining One.
   957 | D        | Noticed an orange crystal statue
  1175 | D        | Killed a kraken
  1176 | D        | Reached skill level 20 in Axes
  1275 | D        | Killed a boulder beetle
  1275 | D        | Identified the +10 battleaxe of the Crawling Thing
                  | {antimagic, rElec rC++ Will+ Stlth+} (Trog gifted it to you
                  | in the Dungeon)
  1275 | D        | Received a gift from Trog
  1279 | D        | Killed a boulder beetle
  1280 | D        | Reached XP level 11. HP: 121/121 MP: 10/10
  1323 | D        | Reached skill level 1 in Stealth
  1327 | D        | Reached skill level 21 in Axes
  1327 | D        | Received a gift from Trog
  1353 | D        | Noticed Kirke
  1353 | D        | Noticed a skeletal warrior
  1353 | D        | Noticed a yaktaur captain
  1353 | D        | Noticed a centaur warrior
  1365 | D        | Killed a yaktaur captain
  1372 | D        | Killed Kirke
  1372 | D        | Received a gift from Trog
  1378 | D        | Killed a skeletal warrior
  1379 | D        | Reached skill level 22 in Axes
  1385 | D        | Killed a centaur warrior
  1669 | D        | Reached skill level 15 in Armour
  1681 | D        | Received a gift from Trog
  1807 | D        | Noticed an iron elemental
  1814 | D        | Killed an iron elemental
  1820 | D        | Received a gift from Trog
  1826 | D        | Reached XP level 12. HP: 134/134 MP: 3/11
  1837 | D        | Found Xuris's General Store.
  1837 | D        | Found Jufraucs's Assorted Antiques.
  1838 | D        | Found Jolucw's Armour Shop.
  1838 | D        | Found Xupnad's Jewellery Shoppe.
  1838 | D        | Found Inuale's Armour Boutique.
  1838 | D        | Found Allaz's Armour Emporium.
  1838 | D        | Found Tonwu's Book Shop.
  1838 | D        | Found Axull's Weapon Shoppe.
  1838 | D        | Found Lyun's Distillery.
  1838 | D        | Found Loogit's Antique Armour Emporium.
  1838 | D        | Found Ucinlili's Book Shop.
  1838 | D        | Found Wudghot's Antique Weapon Shoppe.
  1850 | D        | Bought the +0 pair of boots of Hedging {Regen+ Int+4
                  | Stlth+} for 272 gold pieces
  1951 | D        | Reached skill level 23 in Axes
  1964 | D        | Noticed a black draconian knight
  1975 | D        | Noticed the 27-headed Lernaean hydra
  2060 | D        | Gained mutation: Your magical capacity is low. (-10% MP)
                  | [mutagenic glow]
  2067 | D        | Found Akaa's Book Shoppe.
  2068 | D        | Found Ymeikeh's Book Boutique.
  2076 | D        | Gained mutation: You are frail. (-10% HP) [mutagenic glow]
  2091 | D        | Received a gift from Trog
  2095 | D        | Noticed Gastronok
  2102 | D        | Killed Gastronok
  2146 | D        | Noticed a dire elephant
  2151 | D        | Killed a dire elephant
  2160 | D        | Received a gift from Trog
  2161 | D        | Reached skill level 24 in Axes
  2164 | D        | Found the +7 Singing Sword {vorpal, sonic wave}
  2199 | D        | Identified the +7 demon blade "Fumpas" {vamp, rN+}
  2200 | D        | Identified the ring of Qoakisec {rF+ SInv}
  2203 | D        | Identified the +7 mace "Kaarr" {vorpal, Str+6}
  2222 | D        | Identified the +1 robe of Darkness {rN+ Dex+2 Stlth+}
  2268 | D        | Received a gift from Trog
  2276 | D        | Noticed a deep elf blademaster
  2298 | D        | Killed a deep elf blademaster
  2390 | D        | Identified a scroll of acquirement
  2390 | D        | Acquired the +7 battleaxe "Mies" {vorpal, Drain +Blink
                  | Str+2}
  2405 | D        | Gained mutation: You are dopey. (Int -2) [a shining eye]
  2405 | D        | Gained mutation: Your magical capacity is very low. (-20%
                  | MP) [a shining eye]
  2406 | D        | Gained mutation: You are weak. (Str -2) [a shining eye]
  2406 | D        | Gained mutation: Your body sometimes deteriorates upon
                  | taking damage. [a shining eye]
  2407 | D        | Paralysed by a floating eye for 4 turns
  2412 | D        | Received a gift from Trog
  2416 | D        | Received a gift from Trog
  2418 | D        | Reached skill level 25 in Axes
  2418 | D        | Reached XP level 13. HP: 133/133 MP: 3/9
  2418 | D        | Gained mutation: Your magical capacity is extremely low.
                  | (-30% MP) [a shining eye]
  2420 | D        | Gained mutation: You often lose your temper in combat. [a
                  | shining eye]
  2422 | D        | Received a gift from Trog
  2423 | D        | Gained mutation: You have an uncontrollable temper. [a
                  | shining eye]
  2502 | D        | Noticed a purple draconian shifter
  2503 | D        | Noticed Sonja
  2503 | D        | Noticed a hellephant
  2505 | D        | Killed Sonja
  2505 | D        | Received a gift from Trog
  2515 | D        | Killed a purple draconian shifter
  2535 | D        | HP: 1/135 [hellephant (10)]
  2685 | D        | Killed a hellephant
  2686 | D        | Reached skill level 26 in Axes
  2802 | D        | Noticed a crystal guardian
  2807 | D        | Received a gift from Trog
  2811 | D        | Killed a crystal guardian
  2881 | D        | Received a gift from Trog
  2890 | D        | Noticed a deep elf master archer
  2913 | D        | Shot with an arrow by a deep elf master archer

Illustrated notes

Levels and vault maps discovered:
D:        the_violet_keep_of_menkaure [sprint2_stairs_cluster_1,
          sprint2_shoproom, sprint2_temple, sprint2_basic_supplies,
          sprint2_obstacle_3, sprint2_obstacle_4, sprint2_obstacle_1,
          sprint2_obstacle_2, sprint2_obstacle_5, sprint2_timed_cluster_1,
          sprint2_smallroom_cluster_1, sprint2_smallroom_final_cluster_1,
          sprint2_transparent_cluster_1, sprint2_second_timed_cluster_1,
          sprint2_sniper_area_1, sprint2_heavy_combat_area_1,
          sprint2_mutation_trap_area_1, sprint2_forest_area_1,
          sprint2_light_combat_area_1, sprint2_behind_water_1,
          sprint2_near_end_vault_1]

Skill      XL: |  1  2  3  4  5  6  7  8  9 10 11 12 13 |
---------------+----------------------------------------+-----
Fighting       | 7 8 10 11 13 15 17 18 20 23 25 | 25.2
Axes           | 7 9 11 12 14 16 19 20 22 25 26 | 26.6
Armour         | 3 4 5 6 8 10 12 15 17 18 | 18.4
Dodging        | 3 4 5 6 8 9 10 11 12 | 12.0
Stealth        | 1 2 |  2.6

Action                   |  1- 3 |  4- 6 |  7- 9 | 10-12 | 13-15 || total
-------------------------+-------+-------+-------+-------+-------++-------
Melee: Hand axe          |     7 |    18 |    19 |       |       ||    44
       Headbutt          |     1 |     3 |     6 |    37 |    15 ||    62
       Punch             |       |     1 |     3 |       |       ||     4
       Broad axe         |       |       |    39 |    15 |       ||    54
       Battleaxe         |       |       |       |   173 |    57 ||   230
Invok: Berserk           |     1 |     1 |     5 |     9 |     3 ||    19
  Use: Scroll            |       |       |     9 |     3 |       ||    12
       Potion            |       |       |       |     7 |     4 ||    11
 Stab: Sleeping          |       |       |       |       |     1 ||     1
Armor: Animal skin       |       |     1 |     1 |       |       ||     2
       Chain mail        |       |       |    36 |    64 |    17 ||   117
Dodge: Dodged            |     3 |    14 |    38 |    92 |    25 ||   172
